AoeStats
← Dantegutsh

Arena

509445965Analyzed
2v2 RM · 6d ago on Sep 26, 2026· 27m 33s· 4 players
Game mode
Random Map
Map size
Medium (4 player)
Population
200
Speed
Normal
Resources
Standard
Victory
Conquest
Starting age
Dark Age
Ending age
Imperial Age
RankedLock teamsTeams togetherTeam positionsShared explorationLock speedFull tech treeHidden civsTurbo modeCheats
Victory
Defeat
🇲🇽 Cumans · Mexico
1391
+12
🇲🇽 Britons · Mexico
1302
+16
🇦🇺 Mongols · Australia
1314
-14
1292
-14
Atos 4:12 | João 14:6
6:49 Loom
BeardyNath
10:15 Feudal Age
13:48 Castle Age
16:02 Wheelbarrow
15:20 Double-Bit Axe
16:20 Horse Collar
23:25 Bow Saw
Davicho26
6:56 Loom
9:35 Feudal Age
15:24 Fletching
15:59 Gold Mining
24:01 Castle Age
22:39 Padded Archer Armor
24:40 Bodkin Arrow
24:06 Crossbowman
Dantegutsh
7:02 Loom
9:15 Feudal Age
25:38 Bloodlines
25:48 Scale Barding Armor
26:50 Double-Bit Axe
Connection lost

Rejoining the realm…

Still unreachable

The connection could not be restored.

Session expired

The server has moved on; the page needs a fresh start.